[ AOE2 MATCH · #483439898 ]
1v1 RMByzantines vs Burgundians
Player's team · LOSS
[ REPLAY ANALYSIS · EXTRACTED FROM THE RECORDED GAME ]
Feudal
11:00
Castle
22:38
Imperial
—
| APM avg | 59.9 |
| APM peak | 121 |
| eAPM avg | 24.1 |
| Villagers / military | 65 / 21 |
Focus
⚔️ 11.4% · 🌾 88.6%
Skirmisher ×12 · Spearman ×5 · Monk ×3 · Mangonel ×1
Feudal
—
Castle
—
Imperial
—
| APM avg | 44.4 |
| APM peak | 101 |
| eAPM avg | 13.0 |
| Villagers / military | 45 / 52 |
Focus
⚔️ 30.5% · 🌾 69.5%
Skirmisher ×25 · Knight ×20 · Scout Cavalry ×3 · Mangonel ×2 · Battering Ram ×2
Match map
Initial resources + every placement click. Lines = walls · curves = elevation contours. ◆ gold · ⬟ stone · ● berries · ✦ relic · ◌ wall gap
Your base· Open — 2t gap
Jlozada11's base· ✓ Closed at 16:58 · 31t walls · no gate
Smoothed initial terrain · ◌ = detected wall gap · hover for details
Inputs per minute
— PABLO ESCOBAR GAVIRIA - - Jlozada11
Build order — PABLO ESCOBAR GAVIRIA
150 actions detected in the replay
| 0:00 | Create | Villager (Male) |
| 0:01 | Create | Villager (Male) |
| 0:01 | Create | Villager (Male) |
| 0:01 | Create | Villager (Male) |
| 0:02 | Build | House |
| 0:06 | Build | House |
| 1:30 | Create | Villager (Male) |
| 1:46 | Build | Lumber Camp |
| 2:23 | Build | House |
| 2:25 | Build | House |
| 2:31 | Create | Villager (Male) |
| 2:31 | Create | Villager (Male) |
| 2:32 | Create | Villager (Male) |
| 2:52 | Create | Villager (Male) |
| 3:02 | Research | Loom |
| 3:13 | Create | Villager (Male) |
| 3:54 | Create | Villager (Male) |
| 3:55 | Create | Villager (Male) |
| 4:57 | Create | Villager (Male) |
| 4:57 | Create | Villager (Male) |
| 5:02 | Create | Villager (Male) |
| 5:02 | Create | Villager (Male) |
| 5:02 | Create | Villager (Male) |
| 5:02 | Create | Villager (Male) |
| 5:02 | Create | Villager (Male) |
| 5:03 | Create | Villager (Male) |
| 6:45 | Build | Mill |
| 7:05 | Create | Villager (Male) |
| 7:59 | Create | Villager (Male) |
| 7:59 | Create | Villager (Male) |
| 7:59 | Create | Villager (Male) |
| 8:50 | Research | Feudal Age |
| 9:31 | Build | Lumber Camp |
| 9:38 | Create | Villager (Male) |
| 9:39 | Create | Villager (Male) |
| 9:39 | Create | Villager (Male) |
| 10:00 | Build | Barracks |
| 10:02 | Build | House |
| 10:40 | Create | Villager (Male) |
| 10:44 | Build | House |
| 11:00 | Age | Feudal Age |
| 11:12 | Research | Double-Bit Axe |
| 11:40 | Create | Villager (Male) |
| 12:01 | Build | Archery Range |
| 12:07 | Build | Palisade Gate |
| 12:24 | Build | House |
| 12:26 | Build | House |
| 12:45 | Build | Market |
| 12:58 | Create | Villager (Male) |
| 12:58 | Create | Villager (Male) |
| 12:59 | Create | Villager (Male) |
| 13:15 | Research | Horse Collar |
| 13:36 | Build | Mining Camp |
| 13:39 | Build | House |
| 13:50 | Build | Farm |
| 13:50 | Build | Farm |
| 13:51 | Build | Farm |
| 13:51 | Build | Farm |
| 13:51 | Build | Farm |
| 13:52 | Build | Farm |
| 13:52 | Build | Farm |
| 14:05 | Build | Farm |
| 14:19 | Build | Farm |
| 14:24 | Build | Farm |
| 14:28 | Create | Villager (Male) |
| 14:28 | Create | Villager (Male) |
| 14:30 | Build | Farm |
| 14:35 | Build | Farm |
| 14:43 | Create | Villager (Male) |
| 14:43 | Create | Villager (Male) |
| 14:49 | Create | Spearman ×5 |
| 14:52 | Build | House |
| 14:56 | Build | House |
| 15:08 | Build | Farm |
| 15:29 | Build | Farm |
| 15:32 | Create | Villager (Male) |
| 15:43 | Build | Blacksmith |
| 15:48 | Build | Farm |
| 16:16 | Build | House |
| 16:20 | Build | House |
| 16:25 | Build | House |
| 16:53 | Build | Farm |
| 17:07 | Create | Villager (Male) |
| 17:07 | Create | Villager (Male) |
| 17:11 | Research | Gold Mining |
| 17:17 | Build | Farm |
| 17:18 | Build | Farm |
| 17:20 | Build | Farm |
| 17:21 | Build | Farm |
| 17:42 | Create | Villager (Male) |
| 18:01 | Build | Farm |
| 18:10 | Create | Villager (Male) |
| 18:19 | Build | Farm |
| 18:24 | Build | Farm |
| 18:25 | Build | Farm |
| 18:34 | Build | Farm |
| 18:38 | Create | Villager (Male) |
| 19:05 | Create | Villager (Male) |
| 19:58 | Research | Castle Age |
| 20:33 | Create | Skirmisher |
| 20:33 | Create | Skirmisher |
| 20:33 | Create | Skirmisher |
| 20:34 | Create | Skirmisher |
| 20:34 | Create | Skirmisher |
| 20:47 | Research | Fletching |
| 20:47 | Research | Fletching |
| 20:48 | Research | Padded Archer Armor |
| 20:49 | Research | Forging |
| 20:53 | Create | Villager (Male) |
| 21:43 | Create | Skirmisher |
| 21:43 | Create | Skirmisher |
| 21:43 | Create | Skirmisher |
| 21:43 | Create | Skirmisher |
| 22:14 | Create | Skirmisher |
| 22:14 | Create | Skirmisher |
| 22:15 | Create | Skirmisher |
| 22:38 | Age | Castle Age |
| 22:40 | Build | Monastery |
| 22:57 | Build | Siege Workshop |
| 23:04 | Create | Villager (Male) |
| 23:05 | Create | Villager (Male) |
| 23:05 | Create | Villager (Male) |
| 23:05 | Create | Villager (Male) |
| 23:05 | Create | Villager (Male) |
| 23:12 | Create | Monk |
| 23:12 | Create | Monk |
| 23:12 | Create | Monk |
| 23:17 | Research | Bow Saw |
| 23:44 | Create | Villager (Male) |
| 23:44 | Create | Villager (Male) |
| 23:49 | Build | Mining Camp |
| 24:42 | Build | Town Center |
| 25:41 | Create | Villager (Male) |
| 25:41 | Create | Villager (Male) |
| 25:41 | Create | Villager (Male) |
| 25:42 | Create | Villager (Male) |
| 25:59 | Create | Villager (Male) |
| 25:59 | Create | Villager (Male) |
| 26:00 | Create | Villager (Male) |
| 26:08 | Research | Stone Mining |
| 26:22 | Build | Farm |
| 26:24 | Create | Villager (Male) |
| 26:24 | Create | Villager (Male) |
| 27:01 | Create | Mangonel |
| 27:32 | Create | Villager (Male) |
| 27:32 | Create | Villager (Male) |
| 27:32 | Create | Villager (Male) |
| 27:41 | Create | Villager (Male) |
| 27:41 | Create | Villager (Male) |
| 27:42 | Build | Lumber Camp |
Build order — Jlozada11
First 150 of 163 actions detected
| 0:01 | Create | Villager (Male) |
| 0:01 | Create | Villager (Male) |
| 0:03 | Build | House |
| 0:06 | Build | House |
| 0:09 | Create | Villager (Male) |
| 0:10 | Create | Villager (Male) |
| 0:10 | Create | Villager (Male) |
| 1:23 | Create | Villager (Male) |
| 1:56 | Build | Lumber Camp |
| 2:03 | Create | Villager (Male) |
| 2:07 | Create | Villager (Male) |
| 3:03 | Create | Villager (Male) |
| 3:03 | Create | Villager (Male) |
| 3:03 | Create | Villager (Male) |
| 3:38 | Build | House |
| 3:40 | Build | House |
| 3:46 | Create | Villager (Male) |
| 3:46 | Create | Villager (Male) |
| 3:46 | Create | Villager (Male) |
| 4:40 | Create | Villager (Male) |
| 4:40 | Create | Villager (Male) |
| 5:13 | Build | Mill |
| 5:17 | Create | Villager (Male) |
| 5:53 | Create | Villager (Male) |
| 6:07 | Research | Loom |
| 6:54 | Research | Feudal Age |
| 8:33 | Create | Villager (Male) |
| 8:34 | Create | Villager (Male) |
| 8:34 | Create | Villager (Male) |
| 8:34 | Create | Villager (Male) |
| 9:01 | Build | Barracks |
| 9:06 | Create | Villager (Male) |
| 9:07 | Create | Villager (Male) |
| 9:32 | Research | Double-Bit Axe |
| 9:53 | Build | Stable |
| 10:16 | Research | Horse Collar |
| 10:17 | Create | Villager (Male) |
| 10:17 | Create | Villager (Male) |
| 10:23 | Build | Farm |
| 10:26 | Build | Farm |
| 10:30 | Build | Farm |
| 10:33 | Build | Farm |
| 10:39 | Build | House |
| 10:48 | Build | House |
| 11:22 | Build | Palisade Wall |
| 11:26 | Build | House |
| 11:31 | Build | Farm |
| 11:38 | Create | Villager (Male) |
| 11:43 | Create | Scout Cavalry |
| 11:50 | Build | Farm |
| 11:55 | Build | Farm |
| 12:00 | Build | Palisade Wall |
| 12:14 | Build | Farm |
| 12:17 | Build | Farm |
| 12:23 | Create | Scout Cavalry |
| 12:30 | Build | Farm |
| 12:43 | Build | Farm |
| 12:46 | Create | Villager (Male) |
| 12:54 | Build | Farm |
| 12:58 | Create | Scout Cavalry |
| 13:06 | Build | Farm |
| 13:14 | Build | House |
| 13:21 | Create | Villager (Male) |
| 13:27 | Build | House |
| 13:31 | Create | Villager (Male) |
| 13:52 | Build | Mining Camp |
| 13:58 | Build | House |
| 14:09 | Build | Palisade Wall |
| 14:24 | Build | House |
| 14:28 | Research | Wheelbarrow |
| 14:58 | Build | Palisade Wall |
| 15:22 | Build | Blacksmith |
| 15:55 | Research | Town Watch |
| 16:58 | Research | Castle Age |
| 17:03 | Build | Archery Range |
| 17:09 | Research | Gold Mining |
| 17:48 | Build | Palisade Gate |
| 17:57 | Research | Padded Archer Armor |
| 18:04 | Build | Farm |
| 18:14 | Create | Skirmisher |
| 18:15 | Create | Skirmisher |
| 18:16 | Create | Skirmisher |
| 18:20 | Research | Fletching |
| 18:41 | Research | Scale Barding Armor |
| 18:43 | Create | Villager (Male) |
| 18:43 | Create | Villager (Male) |
| 18:43 | Create | Villager (Male) |
| 18:54 | Create | Skirmisher |
| 18:55 | Create | Skirmisher |
| 19:16 | Create | Skirmisher |
| 19:45 | Research | Cavalier (upgrade) |
| 19:56 | Build | Town Center |
| 20:26 | Build | House |
| 20:28 | Build | House |
| 20:30 | Create | Villager (Male) |
| 20:31 | Create | Villager (Male) |
| 20:31 | Create | Villager (Male) |
| 20:31 | Create | Villager (Male) |
| 20:38 | Create | Knight |
| 20:39 | Create | Knight |
| 20:39 | Create | Knight |
| 20:42 | Create | Skirmisher |
| 20:42 | Create | Skirmisher |
| 20:42 | Create | Skirmisher |
| 20:42 | Create | Skirmisher |
| 21:12 | Create | Skirmisher |
| 21:12 | Create | Skirmisher |
| 21:16 | Create | Knight |
| 21:17 | Create | Knight |
| 21:56 | Create | Villager (Male) |
| 21:56 | Create | Villager (Male) |
| 21:57 | Create | Villager (Male) |
| 21:57 | Create | Villager (Male) |
| 22:03 | Build | House |
| 22:05 | Build | House |
| 22:24 | Build | Siege Workshop |
| 22:34 | Create | Villager (Male) |
| 22:35 | Create | Villager (Male) |
| 22:35 | Create | Villager (Male) |
| 22:41 | Build | Farm |
| 22:50 | Create | Skirmisher |
| 23:24 | Research | Elite Skirmisher (upgrade) |
| 23:27 | Build | House |
| 23:34 | Research | Forging |
| 23:39 | Create | Skirmisher |
| 23:39 | Create | Skirmisher |
| 23:42 | Create | Knight |
| 23:52 | Create | Villager (Male) |
| 24:42 | Create | Knight |
| 24:42 | Create | Knight |
| 24:43 | Create | Knight |
| 24:43 | Create | Knight |
| 24:47 | Create | Mangonel |
| 24:51 | Build | Stable |
| 25:18 | Create | Mangonel |
| 25:44 | Research | Husbandry |
| 25:45 | Create | Knight |
| 25:46 | Create | Knight |
| 25:54 | Build | Archery Range |
| 26:09 | Create | Knight |
| 26:09 | Create | Knight |
| 26:16 | Build | Farm |
| 26:16 | Build | Farm |
| 26:51 | Create | Skirmisher |
| 26:52 | Create | Skirmisher |
| 26:52 | Create | Skirmisher |
| 26:52 | Create | Skirmisher |
| 26:53 | Create | Skirmisher |
| 26:53 | Create | Skirmisher |
| 27:00 | Create | Battering Ram |
Match timeline
| 9:01 | Jlozada11 · first_building Barracks |
| 9:53 | Jlozada11 · first_building Stable |
| 10:00 | PABLO ESCOBAR GAVIRIA · first_building Barracks |
| 11:00 | PABLO ESCOBAR GAVIRIA · age_up feudal |
| 11:22 | Jlozada11 · wall_segment Palisade Wall x12 |
| 12:00 | Jlozada11 · wall_segment Palisade Wall x10 |
| 12:01 | PABLO ESCOBAR GAVIRIA · first_building Archery Range |
| 14:09 | Jlozada11 · wall_segment Palisade Wall x2 |
| 14:58 | Jlozada11 · wall_segment Palisade Wall x7 |
| 17:03 | Jlozada11 · first_building Archery Range |
| 18:58 | PABLO ESCOBAR GAVIRIA · first_market_buy 100 food |
| 19:01 | PABLO ESCOBAR GAVIRIA · first_market_sell 100 wood |
| 22:24 | Jlozada11 · first_building Siege Workshop |
| 22:38 | PABLO ESCOBAR GAVIRIA · age_up castle |
| 22:40 | PABLO ESCOBAR GAVIRIA · first_building Monastery |
| 22:57 | PABLO ESCOBAR GAVIRIA · first_building Siege Workshop |
| 28:58 | PABLO ESCOBAR GAVIRIA · resign |
[ AI ANALYSIS · 1 CREDIT ]
What really happened in this match?
Wolo.gg analyzes every decision: build order, eco, micro, common mistakes by bracket. Personalized analysis on WhatsApp or Discord in 30 seconds.
Civ guide
Byzantines
Map guide
Arabia
Perfil
Jugador #2287313